 Dungeon Crawl Stone Soup version 0.31-a0-662-g684573625c (webtiles) character file.

Game seed: 17373530851093548865

581 2FriedEggs the Changeling (level 7, -8/74 HPs)
             Began as an Ogre Shapeshifter on Sept 2, 2023.
             Was an Initiate of Ru.
             Mangled by an ogre
             ... wielding a +0 giant spiked club
              (32 damage)
             ... on level 5 of the Dungeon.
             The game lasted 00:07:37 (4712 turns).

2FriedEggs the Changeling (Ogre Shapeshifter)       Turns: 4712, Time: 00:07:38

Health: -8/74      AC:  3    Str: 21    XL:     7   Next: 36%
Magic:  7/7        EV:  9    Int: 14    God:    Ru [......]
Gold:   191        SH:  0    Dex:  8    Spells: 6/6 levels left

rFire   . . .        r - +3 war axe of the Harvest {heavy, Fragile rN+ Int+3}
rCold   . . .        (no shield)
rNeg    + . .        a - +0 animal skin
rPois   .            (helmet currently unavailable)
rElec   .            (cloak currently unavailable)
rCorr   .            (gloves unavailable)
SInv    .            (boots unavailable)
Will    .....        (no amulet)
Stlth   +            (no ring)
HPRegen 0.32/turn    (no ring)
MPRegen 0.10/turn

%: no passive effects
@: beast-form
A: beast (slay +3), large, unfitting armour, tough skin 1
a: Begin Untransformation, Renounce Religion


You were on level 5 of the Dungeon.
You worshipped Ru.
Ru was noncommittal.
You were a hulking beast.
You visited 2 branches of the dungeon, and saw 6 of its levels.
You also visited: Sewer.

You collected 215 gold pieces.
You spent 24 gold pieces at shops.

Inventory:

Hand Weapons
 r - the +3 war axe of the Harvest (weapon) {heavy, Fragile rN+ Int+3}
   (You found it on level 3 of the Dungeon)

   Int+3:     It affects your intelligence (+3).
   rN+:       It protects you from negative energy.
   Fragile:   It will be destroyed if unequipped.
Missiles
 h - 4 curare-tipped darts (quivered)
Armour
 a - a +0 animal skin (worn)
 g - a +0 pair of boots
Talismans
 c - a beast talisman (active)
 d - a flux talisman
 f - a talisman of death
Wands
 v - a wand of flame (12)
Scrolls
 e - 3 scrolls of fear
 l - 2 scrolls of enchant weapon
 m - a scroll of summoning {unknown}
 w - a scroll of torment
Potions
 b - a potion of lignification
 i - a potion of heal wounds {unknown}
 j - a potion of haste {unknown}
 k - a potion of berserk rage {unknown}
 n - a potion of ambrosia {unknown}
 o - a potion of enlightenment {unknown}
 p - a potion of cancellation {unknown}
 q - a potion of magic {unknown}
 s - a potion of resistance {unknown}
 t - 2 potions of degeneration {unknown}
 u - 2 potions of curing {unknown}
 x - a potion of mutation {unknown}


   Skills:
 + Level 5.9 Fighting
 - Level 1.7 Dodging
 - Level 2.6 Unarmed Combat
 * Level 6.4 Shapeshifting


You had 6 spell levels left.
You didn't know any spells.
Your spell library was empty.

Dungeon Overview and Level Annotations

Branches:
Dungeon (5/15)             Temple (1/1) D:4           Sewer (visited)

Altars:
Ashenzari
Cheibriados
Dithmenos
Elyvilon
Fedhas
Hepliaklqana
Kikubaaqudgha
Makhleb
Nemelex Xobeh
Okawaru
Ru
Sif Muna
Trog
Uskayaw
Vehumet
Wu Jian
Xom
Yredelemnul
Zin
The Shining One

Shops:
D:1 ?


Innate Abilities, Weirdness & Mutations

You are a hulking beast.
Your limbs bulge with bestial killing power. (Slay +3)
You are too large for most types of armour.
You have tough skin. (AC +1)


Message History

The worm closely misses you.
You slash the worm!
You kill the worm!
You start resting.
HP restored.
You now have 172 gold pieces (gained 3).
An iguana comes into view.
An iguana is nearby!
An iguana is nearby!
An iguana is nearby!
The iguana hisses angrily.
Found 19 gold pieces and a runed falchion.
You slash the iguana!
The iguana is heavily wounded.
The iguana bites you.
The iguana bites you but does no damage.
You slash the iguana!
You kill the iguana!
No target in view!
No target in view!
You now have 191 gold pieces (gained 19).
You see here a +0 falchion of holy wrath.
x - a purple potion An ogre comes into view.
It is wielding a +0 giant spiked club.
The ogre shouts!
An ogre is nearby!
The ogre closely misses you.
You slice the ogre!!
The ogre is severely wounded.
The ogre hits you with a +0 giant spiked club!
You barely miss the ogre.
The ogre is severely wounded.
The ogre hits you with a +0 giant spiked club!!
The ogre hits you with a +0 giant spiked club!
You are too injured to fight recklessly!
You are too injured to fight recklessly!
You closely miss the ogre.
The ogre is severely wounded.
The ogre hits you with a +0 giant spiked club!!
You die...

#.#...............
#.#.#########.####
########.#.# #.
.........#.######
#
#########........
#..###### #..#
########..#
......Oh..#
#########.# ...
####


You could see an ogre.

Vanquished Creatures
  2 ogres
  A phantom (D:5)
  A scorpion (D:4)
  A hound (D:4)
  A hell rat (Sewer)
  An iguana (D:5)
  4 gnolls (D:2)
  5 adders
  A river rat (Sewer)
  An ufetubus (D:2)
  2 worms
  3 dart slugs
  An orc (D:4)
  5 ball pythons
  6 endoplasms
  7 giant cockroaches
  8 hobgoblins
  4 jackals (D:2)
  7 kobolds
  9 quokkas
  3 bats
  6 frilled lizards
  10 goblins
  8 rats
97 creatures vanquished.

Notes
Turn   | Place    | Note
-------+----------+-------------------------------------------
     0 | D:1      | 2FriedEggs the Ogre Shapeshifter began the quest for the
                  | Orb.
     0 | D:1      | Reached XP level 1. HP: 19/19 MP: 1/1
    91 | D:1      | Found a faded altar of an unknown god.
    95 | D:1      | Reached XP level 2. HP: 20/28 MP: 2/2
   321 | D:1      | Reached XP level 3. HP: 34/36 MP: 3/3
   484 | D:1      | Found Odogikho's Magic Scroll Emporium.
   517 | D:1      | Bought a scroll of identify for 24 gold pieces
  1043 | D:2      | Found a snail-covered altar of Cheibriados.
  1293 | D:2      | Reached skill level 4 in Shapeshifting
  1406 | D:2      | Reached XP level 4. HP: 28/45 MP: 4/4
  1655 | D:2      | You fall into a shaft and drop 2 floors!
  1771 | D:3      | Found an iron altar of Okawaru.
  1828 | D:3      | Found an ancient bone altar of Kikubaaqudgha.
  2265 | D:2      | Reached XP level 5. HP: 53/54 MP: 5/5
  3050 | D:3      | Identified the +3 war axe of the Harvest {heavy, Fragile
                  | rN+ Int+3}
  3218 | D:3      | Found a radiant altar of Vehumet.
  3218 | D:3      | Found a shadowy altar of Dithmenos.
  3385 | D:4      | Reached skill level 5 in Shapeshifting
  3531 | D:4      | Reached XP level 6. HP: 63/63 MP: 6/6
  3549 | D:4      | Reached skill level 5 in Fighting
  3576 | D:4      | Found a staircase to the Ecumenical Temple.
  3637 | Temple   | Entered the Ecumenical Temple
  3659 | Temple   | Became a worshipper of Ru the Awakened
  3932 | D:5      | Entered Level 5 of the Dungeon
  4092 | D:5      | Found a glowing drain.
  4097 | D:5      | Reached skill level 6 in Shapeshifting
  4097 | D:5      | Reached XP level 7. HP: 36/72 MP: 7/7
  4107 | Sewer    | Entered a sewer
  4712 | D:5      | Mangled by an ogre

Illustrated notes

Levels and vault maps discovered:
D:1:      eino_arrival_druids_welcome, layout_basic,
          shapermc_ecumenical_altar_acropolis, serial_shops, shop
D:2:      minmay_evil_eye, layout_loops_corners, basic_altar
D:3:      layout_rooms, mainiacjoe_overflow_surrounded_room,
          overflow_temple_1_default, gammafunk_temple_overflow_pools,
          amcnicky_mini_corridor_feature
D:4:      layout_loops_cross, temple_doors_e
D:5:      layout_basic, grunt_gozag_breadcrumbs, portal_sewer_entry_f,
          nicolae_shop_sticking_my_neck_out
Temple:   nicolae_temple_elliptical

Skill      XL: |  1  2  3  4  5  6 |
---------------+-------------------+-----
Fighting       | 2 3 4 5 |  5.9
Shapeshifting  | 4 5 6 |  6.4
Dodging        | |  1.7
Unarmed Combat | |  2.6

Action                     |  1- 3 |  4- 6 |  7- 9 || total
---------------------------+-------+-------+-------++-------
  Melee: Unarmed           |   111 |    90 |       ||   201
         Punch             |       |     3 |       ||     3
         War axe           |       |    16 |    37 ||    53
    Use: Scroll            |     1 |     6 |       ||     7
         Potion            |       |     1 |       ||     1
   Stab: Sleeping          |       |     1 |       ||     1
 Armour: Animal skin       |    70 |    75 |    43 ||   188
         Skin              |       |     8 |       ||     8
  Dodge: Dodged            |    53 |    43 |    28 ||   124
   Form: Death             |     1 |       |       ||     1
         Beast             |     1 |       |       ||     1

Table legend: (Time is in decaauts)
 A = Elapsed time spent in this place.
 B = Non-inter-level travel time spent in this place.
 C = Inter-level travel time spent in this place.
 D = Time resting spent in this place.
 E = Time spent auto-exploring this place.
 F = Levels seen in this place.
 G = Mean time per level.
                   A        B        C        D        E       F      G
               +--------+--------+--------+--------+--------+-----+--------+
         Total |   4766 |   4546 |    220 |    579 |   3058 |   7 |  680.9 |
       Dungeon |   4368 |   4190 |    178 |    475 |   2876 |   5 |  873.6 |
        Temple |     44 |      2 |     42 |      0 |      0 |   1 |   44.0 |
         Sewer |    353 |    353 |      0 |    104 |    182 |   1 |  353.0 |
               +--------+--------+--------+--------+--------+-----+--------+

Top non-repeatable levels by time:
     D:2: 1440 daAuts
     D:1: 1110 daAuts
     D:3: 669 daAuts
     D:4: 668 daAuts
     D:5: 478 daAuts
   Sewer: 353 daAuts
  Temple: 44 daAuts
